[ AOE2 MATCH · #480782874 ]
UnrankedMongols vs Cumans
[ REPLAY ANALYSIS · EXTRACTED FROM THE RECORDED GAME ]
Feudal
12:57
Castle
—
Imperial
—
| APM avg | 14.4 |
| APM peak | 51 |
| eAPM avg | 6.1 |
| Villagers / military | 44 / 15 |
Focus
⚔️ 15.6% · 🌾 84.4%
Scout Cavalry ×12 · Spearman ×3
Feudal
13:36
Castle
20:45
Imperial
—
| APM avg | 29.2 |
| APM peak | 57 |
| eAPM avg | 17.7 |
| Villagers / military | 107 / 36 |
Focus
⚔️ 22.5% · 🌾 77.5%
Camel Scout ×19 · Steppe Lancer ×11 · Battering Ram ×4 · Spearman ×2
Feudal
13:56
Castle
25:02
Imperial
—
| APM avg | 16.9 |
| APM peak | 38 |
| eAPM avg | 8.4 |
| Villagers / military | 44 / 30 |
Focus
⚔️ 20.8% · 🌾 79.2%
Magyar Huszar ×23 · Scout Cavalry ×7
Feudal
12:52
Castle
16:31
Imperial
33:29
| APM avg | 27.7 |
| APM peak | 56 |
| eAPM avg | 15.0 |
| Villagers / military | 75 / 17 |
Focus
⚔️ 29.8% · 🌾 70.2%
Chu Ko Nu ×17
Feudal
15:29
Castle
21:29
Imperial
—
| APM avg | 17.3 |
| APM peak | 50 |
| eAPM avg | 10.3 |
| Villagers / military | 52 / 16 |
Focus
⚔️ 13.6% · 🌾 86.4%
Archer ×8 · Longbowman ×8
Feudal
13:36
Castle
17:20
Imperial
33:29
| APM avg | 21.4 |
| APM peak | 46 |
| eAPM avg | 12.3 |
| Villagers / military | 121 / 0 |
Focus
⚔️ 13.3% · 🌾 86.7%
Match map
Initial resources + every placement click. Lines = walls · curves = elevation contours. ◆ gold · ⬟ stone · ● berries · ✦ relic · ◌ wall gap
Your base· Open — unwalled flank
The Alchemist's base· Open — 6t gap
Diomedes's base· Open — unwalled flank
[pM] D.O'C.'s base· Open — unwalled flank
Latchy's base· Open — unwalled flank
The_DonMiguel's base· Open — 9t gap
Smoothed initial terrain · ◌ = detected wall gap · hover for details
Inputs per minute
— Turbo-Toad - - The Alchemist
Build order — Turbo-Toad
101 actions detected in the replay
| 0:26 | Build | Town Center |
| 2:08 | Build | Mill |
| 2:49 | Create | Villager (Male) ×4 |
| 3:07 | Build | House |
| 3:08 | Build | House |
| 3:18 | Build | House |
| 3:24 | Research | Loom |
| 3:27 | Create | Villager (Male) |
| 3:28 | Create | Villager (Male) |
| 4:15 | Create | Villager (Male) |
| 4:47 | Create | Villager (Male) |
| 5:16 | Create | Villager (Male) |
| 5:38 | Create | Villager (Male) |
| 6:23 | Create | Villager (Male) |
| 6:23 | Create | Villager (Male) |
| 6:47 | Build | House |
| 6:52 | Create | Villager (Male) |
| 7:31 | Create | Villager (Male) |
| 7:37 | Build | Outpost |
| 7:39 | Build | Outpost |
| 7:42 | Build | Outpost |
| 7:45 | Build | Outpost |
| 7:47 | Build | Outpost |
| 7:53 | Create | Villager (Male) |
| 7:53 | Create | Villager (Male) |
| 8:19 | Build | Mill |
| 8:59 | Build | House |
| 9:03 | Create | Villager (Male) |
| 9:21 | Create | Villager (Male) |
| 9:51 | Build | Mining Camp |
| 9:53 | Create | Villager (Male) |
| 10:22 | Create | Villager (Male) |
| 10:36 | Research | Feudal Age |
| 11:27 | Create | Villager (Male) |
| 11:27 | Create | Villager (Male) |
| 11:33 | Build | Barracks |
| 11:51 | Build | House |
| 12:57 | Age | Feudal Age |
| 13:09 | Build | Stable |
| 13:16 | Create | Villager (Male) |
| 13:38 | Build | Lumber Camp |
| 13:44 | Create | Scout Cavalry |
| 13:44 | Create | Scout Cavalry |
| 13:44 | Create | Scout Cavalry |
| 13:50 | Create | Villager (Male) |
| 13:51 | Research | Bloodlines |
| 14:05 | Build | Mill |
| 14:17 | Create | Villager (Male) |
| 14:20 | Build | Farm |
| 14:23 | Create | Scout Cavalry |
| 14:35 | Build | Farm |
| 14:43 | Build | Farm |
| 14:46 | Create | Villager (Male) |
| 15:04 | Build | House |
| 15:12 | Create | Villager (Male) |
| 15:16 | Build | Farm |
| 15:22 | Build | Farm |
| 15:28 | Create | Villager (Male) |
| 15:32 | Research | Town Watch |
| 15:39 | Build | Farm |
| 15:42 | Build | Farm |
| 15:53 | Create | Villager (Male) |
| 16:09 | Create | Scout Cavalry |
| 16:25 | Build | Farm |
| 16:25 | Build | Farm |
| 16:25 | Build | Farm |
| 16:29 | Create | Villager (Male) |
| 16:37 | Build | House |
| 16:38 | Build | House |
| 16:42 | Create | Villager (Male) |
| 16:43 | Create | Villager (Male) |
| 17:08 | Create | Villager (Male) |
| 17:17 | Research | Double-Bit Axe |
| 17:33 | Create | Villager (Male) |
| 17:54 | Create | Villager (Male) |
| 18:17 | Create | Villager (Male) |
| 18:17 | Create | Villager (Male) |
| 18:37 | Research | Wheelbarrow |
| 18:58 | Create | Villager (Male) |
| 19:15 | Create | Villager (Male) |
| 19:15 | Create | Villager (Male) |
| 19:50 | Build | Market |
| 19:55 | Build | Farm |
| 19:56 | Build | Farm |
| 19:56 | Build | Farm |
| 19:56 | Build | Farm |
| 20:13 | Create | Scout Cavalry ×5 |
| 20:21 | Create | Villager (Male) |
| 20:46 | Create | Villager (Male) |
| 20:53 | Build | Stable |
| 20:54 | Build | Stable |
| 20:54 | Build | Stable |
| 21:00 | Research | Horse Collar |
| 21:08 | Create | Scout Cavalry |
| 21:13 | Build | Blacksmith |
| 21:22 | Create | Villager (Male) |
| 21:22 | Create | Villager (Male) |
| 21:31 | Create | Scout Cavalry |
| 21:44 | Create | Spearman |
| 21:45 | Create | Spearman |
| 21:45 | Create | Spearman |
Build order — The Alchemist
First 150 of 254 actions detected
| 0:28 | Build | Town Center |
| 2:06 | Build | House |
| 2:08 | Build | House |
| 2:42 | Create | Villager (Male) |
| 3:13 | Create | Villager (Male) |
| 3:22 | Create | Villager (Male) |
| 3:34 | Create | Villager (Male) |
| 3:44 | Build | Mill |
| 4:12 | Create | Villager (Male) |
| 4:51 | Create | Villager (Male) |
| 5:22 | Create | Villager (Male) |
| 5:38 | Create | Villager (Male) |
| 6:15 | Create | Villager (Male) |
| 6:51 | Create | Villager (Male) |
| 7:00 | Build | House |
| 7:01 | Build | House |
| 7:04 | Create | Villager (Male) |
| 7:11 | Research | Loom |
| 7:19 | Create | Villager (Male) |
| 7:23 | Create | Villager (Male) |
| 7:45 | Create | Villager (Male) |
| 7:54 | Create | Villager (Male) |
| 7:59 | Create | Villager (Male) |
| 8:06 | Create | Villager (Male) |
| 8:13 | Create | Villager (Male) |
| 8:18 | Create | Villager (Male) |
| 8:40 | Create | Villager (Male) |
| 9:08 | Create | Villager (Male) |
| 9:28 | Create | Villager (Male) |
| 9:42 | Create | Villager (Male) |
| 9:46 | Create | Villager (Male) |
| 9:54 | Create | Villager (Male) |
| 10:02 | Build | Lumber Camp |
| 10:03 | Create | Villager (Male) |
| 10:09 | Create | Villager (Male) |
| 10:14 | Create | Villager (Male) |
| 10:20 | Create | Villager (Male) |
| 10:39 | Create | Villager (Male) |
| 11:03 | Research | Feudal Age |
| 11:25 | Create | Villager (Male) |
| 11:28 | Create | Villager (Male) |
| 11:34 | Build | House |
| 11:38 | Build | House |
| 12:11 | Create | Villager (Male) |
| 12:58 | Create | Villager (Male) |
| 13:11 | Create | Villager (Male) |
| 13:20 | Build | Outpost |
| 13:21 | Create | Villager (Male) |
| 13:23 | Build | Outpost |
| 13:25 | Create | Villager (Male) |
| 13:27 | Build | Outpost |
| 13:30 | Create | Villager (Male) |
| 13:36 | Age | Feudal Age |
| 13:44 | Build | Town Center |
| 13:49 | Create | Villager (Male) |
| 14:17 | Build | Outpost |
| 14:30 | Create | Villager (Male) |
| 15:07 | Create | Villager (Male) |
| 15:14 | Create | Villager (Male) |
| 15:23 | Build | Farm |
| 15:23 | Create | Villager (Male) |
| 15:36 | Create | Villager (Male) |
| 15:44 | Build | Blacksmith |
| 15:45 | Create | Villager (Male) |
| 15:54 | Create | Villager (Male) |
| 15:56 | Build | Farm |
| 16:20 | Create | Villager (Male) |
| 16:25 | Build | Market |
| 16:30 | Create | Villager (Male) |
| 16:33 | Create | Villager (Male) |
| 16:39 | Build | House |
| 16:41 | Create | Villager (Male) |
| 17:00 | Build | Barracks |
| 17:02 | Create | Villager (Male) |
| 17:22 | Build | Farm |
| 17:24 | Build | Farm |
| 17:34 | Build | Farm |
| 17:53 | Build | Farm |
| 18:05 | Research | Castle Age |
| 18:09 | Build | Farm |
| 18:12 | Build | Outpost |
| 18:22 | Create | Villager (Male) |
| 18:31 | Build | Farm |
| 18:31 | Create | Villager (Male) |
| 18:46 | Build | Farm |
| 18:47 | Build | Farm |
| 18:48 | Create | Villager (Male) |
| 19:00 | Build | Farm |
| 19:00 | Create | Villager (Male) |
| 19:04 | Create | Villager (Male) |
| 19:23 | Research | Horse Collar |
| 19:30 | Research | Double-Bit Axe |
| 19:48 | Build | Stable |
| 19:50 | Create | Villager (Male) |
| 19:54 | Create | Villager (Male) |
| 19:56 | Build | Farm |
| 19:57 | Create | Villager (Male) |
| 20:02 | Build | Farm |
| 20:08 | Build | House |
| 20:10 | Build | House |
| 20:11 | Build | House |
| 20:13 | Create | Villager (Male) |
| 20:19 | Create | Villager (Male) |
| 20:34 | Build | Stable |
| 20:41 | Research | Forging |
| 20:45 | Age | Castle Age |
| 20:46 | Build | Farm |
| 20:56 | Build | Farm |
| 20:56 | Create | Villager (Male) |
| 21:02 | Create | Camel Scout |
| 21:23 | Create | Villager (Male) |
| 21:27 | Research | Scale Barding Armor |
| 21:33 | Build | Farm |
| 21:46 | Create | Camel Scout |
| 21:54 | Create | Camel Scout |
| 22:03 | Create | Camel Scout |
| 22:33 | Create | Villager (Male) |
| 22:37 | Create | Villager (Male) |
| 22:41 | Build | Farm |
| 22:54 | Build | Farm |
| 22:56 | Create | Villager (Male) |
| 23:05 | Create | Steppe Lancer |
| 23:09 | Build | Farm |
| 23:19 | Create | Villager (Male) |
| 23:22 | Build | Outpost |
| 23:26 | Build | Outpost |
| 23:30 | Create | Villager (Male) |
| 23:32 | Create | Steppe Lancer |
| 23:34 | Build | Farm |
| 23:36 | Build | Farm |
| 23:37 | Build | Farm |
| 23:46 | Create | Villager (Male) |
| 23:48 | Build | Farm |
| 24:04 | Create | Villager (Male) |
| 24:07 | Build | Farm |
| 24:08 | Build | Farm |
| 24:09 | Create | Villager (Male) |
| 24:09 | Create | Villager (Male) |
| 24:21 | Build | Farm |
| 24:21 | Create | Villager (Male) |
| 24:28 | Build | Farm |
| 24:39 | Create | Villager (Male) |
| 24:43 | Build | Farm |
| 24:43 | Create | Villager (Male) |
| 24:48 | Create | Villager (Male) |
| 24:54 | Build | House |
| 24:55 | Build | House |
| 24:58 | Build | House |
| 25:23 | Research | Iron Casting |
| 25:24 | Research | Fletching |
Build order — Diomedes
144 actions detected in the replay
| 0:29 | Build | Town Center |
| 1:38 | Build | House |
| 1:39 | Build | House |
| 1:57 | Build | Mill |
| 2:33 | Create | Villager (Male) |
| 2:33 | Create | Villager (Male) |
| 2:33 | Create | Villager (Male) |
| 2:33 | Create | Villager (Male) |
| 3:29 | Create | Villager (Male) |
| 4:19 | Create | Villager (Male) |
| 4:41 | Create | Villager (Male) |
| 4:41 | Create | Villager (Male) |
| 4:41 | Create | Villager (Male) |
| 5:15 | Create | Villager (Male) |
| 5:15 | Create | Villager (Male) |
| 5:32 | Build | House |
| 5:34 | Build | House |
| 5:48 | Create | Villager (Male) |
| 6:22 | Research | Loom |
| 6:24 | Create | Villager (Male) |
| 6:47 | Build | Lumber Camp |
| 7:03 | Create | Villager (Male) |
| 7:03 | Create | Villager (Male) |
| 7:04 | Create | Villager (Male) |
| 7:47 | Create | Villager (Male) |
| 8:14 | Create | Villager (Male) |
| 8:15 | Create | Villager (Male) |
| 8:54 | Build | Barracks |
| 9:23 | Create | Villager (Male) |
| 9:24 | Create | Villager (Male) |
| 10:22 | Create | Villager (Male) |
| 10:23 | Create | Villager (Male) |
| 10:40 | Build | House |
| 10:41 | Build | House |
| 11:24 | Build | House |
| 11:26 | Build | House |
| 11:46 | Research | Feudal Age |
| 12:16 | Build | Palisade Wall |
| 12:31 | Build | Palisade Wall |
| 12:43 | Build | Palisade Gate |
| 12:49 | Create | Villager (Male) |
| 12:50 | Create | Villager (Male) |
| 13:20 | Build | Mill |
| 13:56 | Age | Feudal Age |
| 13:58 | Build | Mining Camp |
| 14:03 | Research | Double-Bit Axe |
| 14:16 | Build | Palisade Gate |
| 14:29 | Create | Villager (Male) |
| 14:29 | Create | Villager (Male) |
| 14:47 | Research | Horse Collar |
| 14:57 | Build | Stable |
| 15:07 | Research | Wheelbarrow |
| 15:40 | Build | Stable |
| 16:08 | Create | Scout Cavalry |
| 16:08 | Create | Scout Cavalry |
| 16:09 | Create | Scout Cavalry |
| 16:11 | Create | Villager (Male) |
| 16:11 | Create | Villager (Male) |
| 16:32 | Research | Bloodlines |
| 17:10 | Create | Scout Cavalry |
| 17:10 | Create | Scout Cavalry |
| 17:46 | Build | Mill |
| 17:50 | Create | Villager (Male) |
| 17:50 | Create | Villager (Male) |
| 17:51 | Create | Villager (Male) |
| 18:28 | Build | Blacksmith |
| 18:37 | Create | Scout Cavalry |
| 18:37 | Create | Scout Cavalry |
| 18:56 | Build | Mill |
| 19:09 | Create | Villager (Male) |
| 19:09 | Create | Villager (Male) |
| 20:00 | Build | Mill |
| 20:12 | Create | Villager (Male) |
| 20:13 | Create | Villager (Male) |
| 20:13 | Create | Villager (Male) |
| 20:35 | Build | House |
| 20:35 | Build | House |
| 20:36 | Build | House |
| 20:38 | Build | House |
| 20:39 | Build | House |
| 21:20 | Create | Villager (Male) |
| 22:08 | Build | Market |
| 22:22 | Research | Castle Age |
| 24:06 | Research | Scale Barding Armor |
| 25:02 | Age | Castle Age |
| 25:08 | Build | Castle |
| 25:31 | Create | Villager (Male) |
| 25:31 | Create | Villager (Male) |
| 25:31 | Create | Villager (Male) |
| 25:32 | Create | Villager (Male) |
| 25:45 | Build | Town Center |
| 26:08 | Research | Corvinian Army |
| 26:19 | Build | Farm |
| 26:19 | Build | Farm |
| 26:19 | Build | Farm |
| 26:20 | Build | Farm |
| 26:20 | Build | Farm |
| 26:20 | Build | Farm |
| 26:20 | Build | Farm |
| 26:21 | Build | Farm |
| 26:29 | Build | Farm |
| 26:29 | Build | Farm |
| 26:29 | Build | Farm |
| 26:29 | Build | Farm |
| 26:48 | Research | Hand Cart |
| 26:56 | Research | Husbandry |
| 27:17 | Create | Magyar Huszar ×3 |
| 27:52 | Build | Farm |
| 27:52 | Build | Farm |
| 27:52 | Build | Farm |
| 27:53 | Build | Farm |
| 27:53 | Build | Farm |
| 27:53 | Build | Farm |
| 27:54 | Build | Farm |
| 27:54 | Build | Farm |
| 27:54 | Build | Farm |
| 27:54 | Build | Farm |
| 27:55 | Build | Farm |
| 27:55 | Build | Farm |
| 28:04 | Create | Magyar Huszar |
| 28:05 | Create | Magyar Huszar |
| 28:23 | Create | Magyar Huszar |
| 28:24 | Create | Magyar Huszar |
| 28:43 | Create | Magyar Huszar |
| 29:20 | Build | Mill |
| 29:23 | Build | Farm |
| 29:23 | Build | Farm |
| 29:23 | Build | Farm |
| 29:24 | Build | Farm |
| 29:24 | Build | Farm |
| 29:28 | Build | Farm |
| 29:30 | Build | Farm |
| 29:34 | Create | Magyar Huszar |
| 29:34 | Create | Magyar Huszar |
| 29:34 | Create | Magyar Huszar |
| 29:40 | Build | Farm |
| 29:41 | Build | Farm |
| 31:00 | Create | Magyar Huszar ×5 |
| 31:00 | Create | Magyar Huszar ×5 |
| 31:01 | Create | Magyar Huszar ×2 |
| 31:12 | Research | Chain Barding Armor |
| 31:42 | Research | Heavy Plow |
| 31:52 | Create | Villager (Male) |
| 31:53 | Create | Villager (Male) |
Build order — [pM] D.O'C.
148 actions detected in the replay
| 0:21 | Build | Town Center |
| 3:03 | Create | Villager (Male) |
| 3:27 | Create | Villager (Male) |
| 3:48 | Create | Villager (Male) |
| 4:01 | Create | Villager (Male) |
| 4:20 | Create | Villager (Male) |
| 4:35 | Create | Villager (Male) |
| 5:00 | Build | Lumber Camp |
| 5:01 | Create | Villager (Male) |
| 5:02 | Create | Villager (Male) |
| 5:29 | Create | Villager (Male) |
| 5:42 | Create | Villager (Male) |
| 5:59 | Research | Loom |
| 6:02 | Create | Villager (Male) |
| 6:02 | Create | Villager (Male) |
| 6:03 | Create | Villager (Male) |
| 6:08 | Build | House |
| 6:15 | Create | Villager (Male) |
| 6:16 | Create | Villager (Male) |
| 6:36 | Build | House |
| 6:49 | Build | House |
| 7:15 | Create | Villager (Male) |
| 7:15 | Create | Villager (Male) |
| 7:36 | Create | Villager (Male) |
| 7:45 | Create | Villager (Male) |
| 8:00 | Create | Villager (Male) |
| 8:09 | Build | House |
| 8:20 | Create | Villager (Male) |
| 8:54 | Create | Villager (Male) |
| 9:15 | Create | Villager (Male) |
| 9:54 | Build | Mill |
| 10:42 | Research | Feudal Age |
| 10:55 | Create | Villager (Male) |
| 11:06 | Build | Mining Camp |
| 11:22 | Build | House |
| 12:07 | Create | Villager (Male) |
| 12:52 | Age | Feudal Age |
| 13:02 | Build | Market |
| 13:06 | Build | Blacksmith |
| 13:21 | Build | House |
| 13:51 | Research | Castle Age |
| 13:58 | Create | Villager (Male) |
| 13:59 | Create | Villager (Male) |
| 14:41 | Build | Mining Camp |
| 14:44 | Create | Villager (Male) |
| 14:44 | Create | Villager (Male) |
| 15:18 | Create | Villager (Male) |
| 16:31 | Age | Castle Age |
| 16:37 | Build | Town Center |
| 16:39 | Create | Villager (Male) |
| 16:39 | Create | Villager (Male) |
| 17:08 | Create | Villager (Male) |
| 17:09 | Create | Villager (Male) |
| 17:12 | Create | Villager (Male) |
| 17:33 | Create | Villager (Male) |
| 17:34 | Create | Villager (Male) |
| 18:27 | Create | Villager (Male) |
| 18:32 | Create | Villager (Male) |
| 18:32 | Create | Villager (Male) |
| 18:39 | Create | Villager (Male) |
| 19:30 | Build | Castle |
| 19:39 | Create | Villager (Male) |
| 19:57 | Build | Palisade Wall |
| 20:12 | Build | Palisade Wall |
| 20:19 | Build | House |
| 20:24 | Create | Villager (Male) |
| 20:24 | Create | Villager (Male) |
| 20:24 | Create | Villager (Male) |
| 20:28 | Create | Villager (Male) |
| 20:38 | Create | Villager (Male) |
| 20:38 | Create | Villager (Male) |
| 20:47 | Build | Mining Camp |
| 21:14 | Build | Farm |
| 21:14 | Build | Farm |
| 21:15 | Build | Farm |
| 21:15 | Build | Farm |
| 21:15 | Build | Farm |
| 21:15 | Build | Farm |
| 21:16 | Build | Farm |
| 21:18 | Create | Villager (Male) |
| 21:49 | Build | Farm |
| 22:09 | Create | Chu Ko Nu |
| 22:09 | Create | Chu Ko Nu |
| 22:27 | Create | Villager (Male) |
| 22:27 | Create | Villager (Male) |
| 22:51 | Create | Villager (Male) |
| 22:58 | Create | Chu Ko Nu |
| 22:58 | Create | Chu Ko Nu |
| 23:17 | Create | Villager (Male) |
| 23:46 | Build | Farm |
| 23:48 | Build | Farm |
| 23:54 | Create | Villager (Male) |
| 24:04 | Build | Farm |
| 24:11 | Create | Villager (Male) |
| 24:25 | Create | Villager (Male) |
| 24:32 | Build | Lumber Camp |
| 25:03 | Create | Villager (Male) |
| 25:03 | Create | Villager (Male) |
| 25:14 | Create | Villager (Male) |
| 25:31 | Build | Mining Camp |
| 26:01 | Create | Villager (Male) |
| 26:02 | Create | Villager (Male) |
| 26:06 | Build | Farm |
| 26:12 | Build | Farm |
| 26:14 | Create | Villager (Male) |
| 26:30 | Build | Farm |
| 26:40 | Build | Town Center |
| 26:42 | Create | Villager (Male) |
| 26:42 | Create | Villager (Male) |
| 27:16 | Research | Double-Bit Axe |
| 27:39 | Create | Chu Ko Nu |
| 27:39 | Create | Chu Ko Nu |
| 27:40 | Create | Chu Ko Nu |
| 27:40 | Create | Chu Ko Nu |
| 27:49 | Build | Farm |
| 27:52 | Build | Mill |
| 28:02 | Build | Farm |
| 28:10 | Build | Farm |
| 28:14 | Research | Fletching |
| 28:17 | Create | Villager (Male) |
| 28:29 | Create | Villager (Male) |
| 28:32 | Create | Villager (Male) |
| 28:45 | Create | Chu Ko Nu |
| 28:46 | Create | Chu Ko Nu |
| 28:46 | Create | Chu Ko Nu |
| 28:46 | Create | Chu Ko Nu |
| 28:51 | Build | University |
| 29:00 | Research | Padded Archer Armor |
| 29:16 | Create | Villager (Male) |
| 29:24 | Create | Chu Ko Nu |
| 29:41 | Create | Chu Ko Nu |
| 29:42 | Create | Chu Ko Nu |
| 29:52 | Build | Farm |
| 29:53 | Create | Villager (Male) |
| 29:54 | Create | Villager (Male) |
| 29:57 | Create | Chu Ko Nu |
| 29:57 | Create | Chu Ko Nu |
| 30:19 | Research | Imperial Age |
| 30:42 | Create | Villager (Male) |
| 30:42 | Create | Villager (Male) |
| 30:43 | Create | Villager (Male) |
| 31:04 | Research | Ballistics |
| 31:51 | Research | Bodkin Arrow |
| 31:56 | Create | Villager (Male) |
| 31:56 | Create | Villager (Male) |
| 32:49 | Research | Leather Archer Armor |
| 33:29 | Age | Imperial Age |
| 33:31 | Research | Bracer |
Build order — Latchy
120 actions detected in the replay
| 0:32 | Build | Town Center |
| 2:40 | Create | Villager (Male) |
| 2:40 | Create | Villager (Male) |
| 2:41 | Create | Villager (Male) |
| 2:47 | Build | House |
| 2:49 | Build | House |
| 2:53 | Create | Villager (Male) |
| 2:53 | Create | Villager (Male) |
| 3:16 | Research | Loom |
| 3:19 | Create | Villager (Male) ×2 |
| 4:06 | Create | Villager (Male) |
| 4:32 | Create | Villager (Male) |
| 5:01 | Create | Villager (Male) |
| 6:10 | Create | Villager (Male) |
| 6:10 | Create | Villager (Male) |
| 6:14 | Research | Loom |
| 6:18 | Create | Villager (Male) |
| 7:03 | Build | House |
| 7:04 | Build | House |
| 7:11 | Create | Villager (Male) |
| 7:23 | Build | Lumber Camp |
| 8:10 | Create | Villager (Male) |
| 8:10 | Create | Villager (Male) |
| 8:16 | Create | Villager (Male) |
| 8:26 | Create | Villager (Male) |
| 8:26 | Create | Villager (Male) |
| 9:09 | Create | Villager (Male) |
| 9:15 | Create | Villager (Male) |
| 9:43 | Create | Villager (Male) |
| 10:14 | Create | Villager (Male) |
| 10:15 | Create | Villager (Male) |
| 10:42 | Research | Loom |
| 11:50 | Create | Villager (Male) |
| 11:51 | Create | Villager (Male) |
| 11:52 | Create | Villager (Male) |
| 12:23 | Build | Barracks |
| 12:36 | Build | Mining Camp |
| 12:52 | Build | House |
| 12:53 | Build | House |
| 13:08 | Create | Villager (Male) |
| 13:19 | Research | Feudal Age |
| 13:26 | Create | Villager (Male) |
| 13:31 | Build | Barracks |
| 13:42 | Build | House |
| 13:42 | Build | House |
| 14:26 | Create | Villager (Male) |
| 14:26 | Create | Villager (Male) |
| 14:46 | Build | Outpost |
| 14:58 | Build | Outpost |
| 15:05 | Create | Villager (Male) |
| 15:12 | Build | Mining Camp |
| 15:29 | Age | Feudal Age |
| 15:38 | Create | Villager (Male) |
| 15:43 | Research | Double-Bit Axe |
| 15:48 | Build | Archery Range |
| 15:55 | Build | Stable |
| 16:07 | Create | Villager (Male) |
| 16:07 | Create | Villager (Male) |
| 16:29 | Build | House |
| 16:31 | Build | House |
| 16:33 | Build | Blacksmith |
| 16:35 | Build | House |
| 16:39 | Build | House |
| 16:49 | Create | Villager (Male) |
| 17:06 | Create | Villager (Male) |
| 17:29 | Create | Villager (Male) |
| 17:36 | Build | Mill |
| 18:05 | Create | Villager (Male) |
| 18:25 | Research | Castle Age |
| 18:44 | Create | Villager (Male) |
| 18:54 | Build | Archery Range |
| 19:08 | Research | Town Watch |
| 19:15 | Research | Horse Collar |
| 19:19 | Build | Farm |
| 19:20 | Build | Farm |
| 19:20 | Build | Farm |
| 19:20 | Build | Farm |
| 19:20 | Build | Farm |
| 19:21 | Build | Farm |
| 19:21 | Build | Farm |
| 19:53 | Create | Archer ×3 |
| 19:53 | Create | Archer ×3 |
| 20:15 | Build | Farm |
| 20:18 | Build | Farm |
| 20:21 | Create | Villager (Male) |
| 20:39 | Build | Farm |
| 20:50 | Create | Villager (Male) |
| 21:14 | Create | Archer |
| 21:15 | Create | Archer |
| 21:18 | Research | Fletching |
| 21:29 | Age | Castle Age |
| 21:50 | Build | Castle |
| 21:59 | Create | Villager (Male) |
| 21:59 | Create | Villager (Male) |
| 22:18 | Build | House |
| 22:21 | Build | House |
| 22:22 | Build | House |
| 22:29 | Build | House |
| 22:33 | Build | Gate |
| 22:39 | Research | Gold Mining |
| 22:42 | Create | Villager (Male) |
| 22:46 | Build | Farm |
| 22:49 | Build | Farm |
| 22:51 | Build | Farm |
| 23:22 | Build | Town Center |
| 23:27 | Create | Longbowman ×2 |
| 23:27 | Create | Longbowman ×2 |
| 23:30 | Build | Farm |
| 23:31 | Build | Farm |
| 23:34 | Create | Villager (Male) |
| 23:44 | Create | Villager (Male) |
| 23:47 | Build | Farm |
| 24:48 | Research | Crossbowman (upgrade) |
| 24:51 | Research | Padded Archer Armor |
| 24:54 | Create | Villager (Male) |
| 25:07 | Create | Villager (Male) |
| 25:13 | Create | Villager (Male) |
| 25:37 | Create | Villager (Male) |
| 25:37 | Create | Villager (Male) |
| 26:08 | Create | Longbowman ×4 |
Build order — The_DonMiguel
First 150 of 213 actions detected
| 0:15 | Build | Town Center |
| 2:15 | Create | Villager (Male) |
| 2:15 | Create | Villager (Male) |
| 2:16 | Create | Villager (Male) |
| 2:16 | Create | Villager (Male) |
| 3:43 | Build | Mill |
| 3:53 | Create | Villager (Male) |
| 3:53 | Create | Villager (Male) |
| 4:45 | Create | Villager (Male) |
| 4:45 | Create | Villager (Male) |
| 5:19 | Create | Villager (Male) |
| 5:56 | Build | Mill |
| 6:01 | Create | Villager (Male) |
| 6:01 | Create | Villager (Male) |
| 6:01 | Create | Villager (Male) |
| 6:31 | Create | Villager (Male) |
| 6:31 | Create | Villager (Male) |
| 6:48 | Create | Villager (Male) |
| 7:01 | Create | Villager (Male) |
| 7:02 | Create | Villager (Male) |
| 7:13 | Create | Villager (Male) |
| 7:51 | Create | Villager (Male) |
| 7:51 | Create | Villager (Male) |
| 8:20 | Create | Villager (Male) |
| 8:20 | Create | Villager (Male) |
| 8:41 | Create | Villager (Male) |
| 8:41 | Create | Villager (Male) |
| 8:41 | Create | Villager (Male) |
| 8:42 | Create | Villager (Male) |
| 8:57 | Create | Villager (Male) |
| 10:29 | Create | Villager (Male) |
| 10:40 | Create | Villager (Male) |
| 10:44 | Build | Lumber Camp |
| 11:20 | Research | Feudal Age |
| 11:56 | Build | Mill |
| 12:13 | Build | Mining Camp |
| 12:49 | Research | Loom |
| 13:36 | Age | Feudal Age |
| 13:47 | Build | Market |
| 13:51 | Build | Blacksmith |
| 14:40 | Research | Castle Age |
| 14:48 | Build | Farm |
| 14:48 | Build | Farm |
| 14:49 | Build | Farm |
| 14:49 | Build | Farm |
| 14:49 | Build | Farm |
| 14:49 | Build | Farm |
| 14:49 | Build | Farm |
| 14:50 | Build | Farm |
| 14:50 | Build | Farm |
| 15:00 | Build | Farm |
| 15:35 | Research | Double-Bit Axe |
| 17:20 | Age | Castle Age |
| 17:27 | Build | Town Center |
| 17:30 | Research | Bow Saw |
| 17:35 | Build | Farm |
| 17:39 | Create | Villager (Male) |
| 17:39 | Create | Villager (Male) |
| 17:40 | Create | Villager (Male) |
| 17:40 | Create | Villager (Male) |
| 17:46 | Build | Farm |
| 18:45 | Create | Villager (Male) |
| 18:45 | Create | Villager (Male) |
| 19:09 | Build | Palisade Gate |
| 19:59 | Build | Barracks |
| 20:41 | Create | Villager (Male) |
| 20:41 | Create | Villager (Male) |
| 20:44 | Create | Villager (Male) |
| 20:45 | Create | Villager (Male) |
| 20:52 | Build | Town Center |
| 21:21 | Create | Villager (Male) |
| 21:22 | Create | Villager (Male) |
| 21:22 | Create | Villager (Male) |
| 21:32 | Build | Farm |
| 21:32 | Build | Farm |
| 21:33 | Build | Farm |
| 21:50 | Build | Farm |
| 21:58 | Create | Villager (Male) |
| 21:59 | Create | Villager (Male) |
| 22:04 | Build | Farm |
| 22:13 | Create | Villager (Male) |
| 22:19 | Build | Farm |
| 22:24 | Build | Farm |
| 22:25 | Create | Villager (Male) |
| 22:32 | Build | Farm |
| 22:45 | Build | Farm |
| 22:49 | Create | Villager (Male) |
| 23:14 | Create | Villager (Male) |
| 23:16 | Build | Farm |
| 23:17 | Create | Villager (Male) |
| 23:18 | Create | Villager (Male) |
| 23:20 | Build | Farm |
| 23:36 | Build | Farm |
| 23:36 | Build | Farm |
| 23:36 | Build | Farm |
| 23:37 | Build | Farm |
| 23:37 | Build | Farm |
| 23:50 | Create | Villager (Male) |
| 23:51 | Create | Villager (Male) |
| 23:52 | Create | Villager (Male) |
| 24:02 | Build | Farm |
| 24:02 | Build | Farm |
| 24:02 | Build | Farm |
| 24:02 | Build | Farm |
| 24:07 | Build | Farm |
| 24:21 | Create | Villager (Male) |
| 24:21 | Create | Villager (Male) |
| 24:22 | Create | Villager (Male) |
| 24:39 | Create | Villager (Male) |
| 24:39 | Create | Villager (Male) |
| 24:41 | Create | Villager (Male) |
| 24:43 | Create | Villager (Male) |
| 24:46 | Build | Farm |
| 24:46 | Build | Farm |
| 24:53 | Build | Farm |
| 24:58 | Build | Farm |
| 24:59 | Create | Villager (Male) |
| 25:03 | Create | Villager (Male) |
| 25:08 | Create | Villager (Male) |
| 25:11 | Build | Farm |
| 25:16 | Build | Farm |
| 25:17 | Create | Villager (Male) |
| 25:18 | Create | Villager (Male) |
| 25:27 | Build | Farm |
| 25:31 | Build | Farm |
| 25:39 | Build | Farm |
| 25:50 | Create | Villager (Male) |
| 25:51 | Create | Villager (Male) |
| 25:51 | Create | Villager (Male) |
| 25:54 | Build | Farm |
| 26:08 | Build | Farm |
| 26:15 | Build | Farm |
| 26:18 | Create | Villager (Male) |
| 26:19 | Create | Villager (Male) |
| 26:20 | Create | Villager (Male) |
| 26:20 | Create | Villager (Male) |
| 26:34 | Build | Monastery |
| 26:37 | Create | Villager (Male) |
| 26:38 | Create | Villager (Male) |
| 26:56 | Create | Villager (Male) |
| 27:00 | Create | Villager (Male) |
| 27:02 | Create | Villager (Male) |
| 27:06 | Build | University |
| 27:10 | Create | Villager (Male) |
| 27:31 | Create | Villager (Male) |
| 27:32 | Create | Villager (Male) |
| 27:49 | Build | Town Center |
| 27:52 | Create | Villager (Male) |
| 27:53 | Create | Villager (Male) |
| 27:54 | Create | Villager (Male) |
Match timeline
| 8:54 | Diomedes · first_building Barracks |
| 11:33 | Turbo-Toad · first_building Barracks |
| 12:16 | Diomedes · wall_segment Palisade Wall x10 |
| 12:23 | Latchy · first_building Barracks |
| 12:31 | Diomedes · wall_segment Palisade Wall x26 |
| 12:52 | [pM] D.O'C. · age_up feudal |
| 12:57 | Turbo-Toad · age_up feudal |
| 13:09 | Turbo-Toad · first_building Stable |
| 13:36 | The Alchemist · age_up feudal |
| 13:36 | The_DonMiguel · age_up feudal |
| 13:56 | Diomedes · age_up feudal |
| 14:57 | Diomedes · first_building Stable |
| 15:29 | Latchy · age_up feudal |
| 15:48 | Latchy · first_building Archery Range |
| 15:55 | Latchy · first_building Stable |
| 16:31 | [pM] D.O'C. · age_up castle |
| 17:00 | The Alchemist · first_building Barracks |
| 17:20 | The_DonMiguel · age_up castle |
| 19:30 | [pM] D.O'C. · first_building Castle |
| 19:48 | The Alchemist · first_building Stable |
| 19:57 | [pM] D.O'C. · wall_segment Palisade Wall x1 |
| 19:59 | The_DonMiguel · first_building Barracks |
| 20:12 | [pM] D.O'C. · wall_segment Palisade Wall x1 |
| 20:45 | The Alchemist · age_up castle |
| 21:25 | The Alchemist · first_market_buy 100 food |
| 21:29 | Latchy · age_up castle |
| 21:50 | Latchy · first_building Castle |
| 23:46 | Turbo-Toad · resign |
| 25:02 | Diomedes · age_up castle |
| 25:08 | Diomedes · first_building Castle |
| 26:34 | The_DonMiguel · first_building Monastery |
| 27:05 | [pM] D.O'C. · first_market_buy 100 wood |
| 28:51 | The Alchemist · first_building Siege Workshop |
| 29:02 | The_DonMiguel · first_building Stable |
| 31:55 | The_DonMiguel · first_market_buy 100 stone |
| 32:23 | The_DonMiguel · first_building Castle |
| 33:21 | The Alchemist · first_market_sell 100 food |
| 33:29 | The_DonMiguel · age_up imperial |
| 33:29 | [pM] D.O'C. · age_up imperial |
[ AI ANALYSIS · 1 CREDIT ]
What really happened in this match?
Wolo.gg analyzes every decision: build order, eco, micro, common mistakes by bracket. Personalized analysis on WhatsApp or Discord in 30 seconds.
Civ guide
Mongols
Perfil
Jugador #22998515